 Dungeon Crawl Stone Soup version 0.30-a0-359-gd0147acb1a (webtiles) character file.

Game seed: 16017308405416634618

55131 oldmanjim the Severer (level 14, -20/96 (130) HPs)
             Began as a Minotaur Fighter on Nov 11, 2022.
             Was an Initiate of Gozag.
             Demolished by Rupert
             ... wielding a +3 great mace of draining
              (29 damage)
             ... on level 12 of the Dungeon on Nov 12, 2022.
             The game lasted 01:50:06 (20255 turns).

oldmanjim the Severer (Minotaur Fighter)           Turns: 20255, Time: 01:50:07

HP:   -20/96 (130)  AC: 22    Str: 24    XL:     14   Next: 37%
MP:   13/13         EV: 14    Int:  5    God:    Gozag
Gold: 2374          SH:  0    Dex: 15    Spells: 13/13 levels left

rFire   . . .      SeeInvis +    b - +1 battleaxe "Wirud" {freeze, rC+ Dex+3}
rCold   + + .      Faith    .    (shield currently unavailable)
rNeg    . . .      Spirit   .    S - +3 chain mail {rC+}
rPois   .          Reflect  .    y - +0 hat {SInv}
rElec   .          Harm     .    t - +0 cloak
rCorr   .          Rampage  .    (no gloves)
Will    +....                    r - +0 pair of boots
Stlth   ..........               (no amulet)
HPRegen 0.36/turn                J - +4 ring of protection
MPRegen 0.13/turn                B - +4 ring of evasion

@: studying Fighting, very heavily drained
A: horns 2, retaliatory headbutt
a: Renounce Religion, Potion Petition, Call Merchant, Bribe Branch


You were on level 12 of the Dungeon.
You worshipped Gozag.
Gozag was most pleased with you.
You visited 3 branches of the dungeon, and saw 18 of its levels.
You also visited: Bailey.

You collected 5094 gold pieces.
You spent 1957 gold pieces at shops.
You paid 763 gold pieces to Gozag.

Inventory:

Hand Weapons
 a - a +0 vorpal sling
 b - the +1 battleaxe "Wirud" (weapon) {freeze, rC+ Dex+3}
   (You found it in a bailey)

   It freezes those it strikes, dealing additional cold damage.
   It can also slow down cold-blooded creatures.
   Dex:       It affects your dexterity (+3).
   rC:        It protects you from cold.
 c - a +5 battleaxe
 I - a +0 broad axe
 L - a +6 dagger of freezing
 R - a +0 demon whip of venom
 Y - the +3 war axe of the Toadstool {vorpal, rF+ rCorr Str+3 Int-4}
   (You found it on level 4 of the Lair of Beasts)

   It inflicts extra damage upon your enemies.
   Str:       It affects your strength (+3).
   Int:       It affects your intelligence (-4).
   rF:        It protects you from fire.
   rCorr:     It protects you from acid and corrosion.
Missiles
 f - 6 atropa-tipped darts
 h - 17 boomerangs
 s - 5 javelins
 H - 37 poisoned darts (quivered)
Armour
 r - a +0 pair of boots (worn)
 t - a +0 cloak (worn)
 y - a +0 hat of see invisible (worn)
 S - a +3 chain mail of cold resistance (worn)
Jewellery
 B - a +4 ring of evasion (right hand)
 C - a ring of fire
 J - a +4 ring of protection (left hand)
 K - a ring of resist corrosion
 V - a ring of wizardry
Wands
 v - a wand of flame (53)
 w - a wand of charming (10)
 O - a wand of mindburst (13)
 Q - a wand of iceblast (10)
 W - a wand of light (8)
Scrolls
 g - 3 scrolls of silence
 i - 3 scrolls of vulnerability
 k - 6 scrolls of teleportation
 l - 4 scrolls of immolation
 o - 6 scrolls of enchant armour
 x - 8 scrolls of blinking
 z - 2 scrolls of fear
 A - a scroll of magic mapping
 E - 6 scrolls of butterflies
 F - a scroll of enchant weapon
 P - a scroll of brand weapon {unknown}
 U - 2 scrolls of poison
 X - a scroll of amnesia
Potions
 d - 4 potions of might
 e - 3 potions of haste
 j - 4 potions of resistance
 m - 3 potions of lignification
 n - 8 potions of brilliance
 p - 4 potions of attraction
 q - a potion of mutation
 u - 5 potions of curing
 D - 2 potions of heal wounds
 G - 2 potions of berserk rage
 M - a potion of experience
 N - a potion of magic
Miscellaneous
 T - a box of beasts


   Skills:
 + Level 13.9 Fighting
 + Level 19.5 Axes
 + Level 12.9 Armour
 - Level 3.0 Dodging
 - Level 10.0 Shields
 - Level 8.5 Evocations


You had 13 spell levels left.
You didn't know any spells.
Your spell library contained the following spells:

 Spells                   Type           Power      Damage    Failure   Level
 Apportation              Tloc           0%         N/A       94%         1
 Magic Dart               Conj           0%         1d3       94%         1
 Necrotise                Necr           0%         1d4       94%         1
 Summon Small Mammal      Summ           0%         N/A       94%         1
 Ensorcelled Hibernation  Hex/Ice        0%         N/A       98%         2
 Passwall                 Tmut/Erth      0%         N/A       98%         2
 Searing Ray              Conj           0%         2d4       98%         2
 Sublimation of Blood     Necr           0%         N/A       98%         2
 Wereblood                Tmut           0%         N/A       98%         2
 Call Canine Familiar     Summ           0%         N/A       100%        3
 Gell's Gravitas          Tloc           0%         N/A       100%        3
 Lesser Beckoning         Tloc           0%         N/A       100%        3
 Portal Projectile        Hex/Tloc       0%         N/A       100%        3
 Summon Guardian Golem    Hex/Summ       0%         N/A       100%        3
 Swiftness                Air            0%         N/A       100%        3
 Teleport Other           Tloc           0%         N/A       100%        3
 Vampiric Draining        Necr           0%         2d6       100%        3
 Fulminant Prism          Conj/Hex       0%         3d5       100%        4
 Leda's Liquefaction      Hex/Erth       0%         N/A       100%        4
 Petrify                  Tmut/Erth      0%         N/A       100%        4
 Agony                    Necr           0%         N/A       100%        5
 Borgnjor's Vile Clutch   Necr/Erth      0%         N/A       100%        5
 Irradiate                Conj/Tmut      0%         3d11      100%        5
 Death Channel            Necr           0%         N/A       100%        6
 Orb of Destruction       Conj           0%         9d5       100%        7
 Spellforged Servitor     Conj/Summ      0%         N/A       100%        7
 Summon Hydra             Summ           0%         N/A       100%        7
 Chain Lightning          Conj/Air       0%         N/A       100%        9
 Fire Storm               Conj/Fire      0%         5d1       100%        9
 Shatter                  Erth           0%         3d5*      100%        9
 Animate Dead             Necr           Unusable   N/A       N/A         4

Dungeon Overview and Level Annotations

Branches:
Dungeon (12/15)            Temple (1/1) D:6            Lair (5/5) D:9
  Swamp (0/4) Lair:3        Snake (0/4) Lair:2        Slime (0/5) Lair:5
 Bailey (visited)
    Orc: D:9-12

Altars:
Ashenzari
Cheibriados
Dithmenos
Elyvilon
Fedhas
Gozag
Hepliaklqana
Kikubaaqudgha
Makhleb
Okawaru
Qazlal
Ru
Sif Muna
Trog
Uskayaw
Vehumet
Wu Jian
Xom
Yredelemnul
Zin
The Shining One
Jiyva

Shops:
D:3 *?   D:9 *   D:11 :

Portals:
Trove: D:10 (give 6 scrolls of fear)

Annotations:
D:12 Rupert
Lair:4 2 transporters, Zun Lasmi's ghost, journeyman VSTm


Innate Abilities, Weirdness & Mutations

You have a pair of horns on your head.
You reflexively headbutt those who attack you in melee.


Message History

There is a stone staircase leading down here.
You climb downwards.
Level annotation: Rupert
There is a stone staircase leading up here.
Aiming: Bolt of Light
Press: ? - help, Shift-Dir - straight line, f - Rupert
Aim: Rupert, wielding a +3 great mace of draining and wearing a +2 chain mail of cold resistance (81% to hit)
The bolt of light hits Rupert!!
Rupert is lightly wounded.
Rupert is blinded.
Rupert roars madly and goes into a rage!
Rupert goes berserk!
You catch the helpless Rupert completely off-guard!
You hit Rupert. You freeze Rupert. Your headbutt misses Rupert.
Rupert is lightly wounded.
Rupert hits you with a +3 great mace of draining!!
You feel drained.
You barely miss Rupert. Your headbutt misses Rupert.
Rupert is lightly wounded.
Rupert hits you with a +3 great mace of draining!!
You feel drained.
You barely miss Rupert. You headbutt Rupert.
Rupert is moderately wounded.
Rupert rages.
Rupert rages.
You barely miss Rupert. Your headbutt misses Rupert.
Rupert is moderately wounded.
Rupert misses you.
You strike the helpless Rupert from behind!
You slash Rupert!
Rupert is moderately wounded.
Rupert is no longer blind.
Rupert hits you with a +3 great mace of draining!!
* * * LOW HITPOINT WARNING * * *
You feel drained.
* * * LOW HITPOINT WARNING * * *
Rupert closely misses you.
Rupert hits you with a +3 great mace of draining!!
You die...
Your body crumbles into a pile of gold.

##..........#.....#....#
##.......................
#............###.........
#...........## ###.......
#..........## ##........
##........## ##...).....
#...<...## ###..........
###########...$@## ##...........#
#....@........>.@###.............
...###########....#.........>....
#### #.............<.....
##.......[.........#
#............)....#
##...............##
#..............##
##............## #...#........###


You could see Rupert (berserk).

Vanquished Creatures
  An orc warlord (Bailey)
  A vault guard (D:10)
  Erolcha (D:12)
  5 hydras
  3 boulder beetles
  5 catoblepae
  Erica (D:10)
  17 death yaks
  2 two-headed ogres
  Amaemon (D:9)
  2 orc knights (Bailey)
  2 bog bodies (Lair:3)
  An ugly thing (D:12)
  A cyclops (D:11)
  3 elephants (Lair:5)
  2 manticores (Lair:5)
  Joseph (D:8)
  An orange demon (D:9)
  2 gargoyles
  9 black mambas
  8 cane toads
  9 komodo dragons
  Maggie (D:8)
  4 rime drakes
  A troll (D:11)
  2 polar bears (Lair:5)
  19 blink frogs
  2 vampires
  4 wyverns
  A wraith (D:9)
  A basilisk (Lair:2)
  4 fire bats (Lair:4)
  36 yaks
  2 steam dragons
  3 swamp worms (Lair:3)
  An acid dragon (D:8)
  16 water moccasins
  11 orc warriors
  An ice beast (D:7)
  A black bear (D:7)
  20 wolves
  A phantom (D:5)
  3 centaurs
  4 kobold brigands
  5 bullfrogs
  6 scorpions
  6 wights (D:8)
  4 killer bees (D:9)
  7 howler monkeys
  5 electric eels
  5 hounds
  5 jellies
  4 orc priests
  A gnoll bouda (D:5)
  Jessica (D:2)
  An iguana (D:5)
  6 orc wizards
  4 hell rats (Lair:4)
  Robin (D:2)
  12 gnolls
  7 adders
  A shadow imp (D:7)
  A white imp (D:3)
  2 ufetubi
  A worm (D:2)
  A dart slug (D:5)
  31 orcs
  8 bats
  8 endoplasms
  4 giant cockroaches
  27 goblins
  18 hobgoblins
  9 jackals
  14 kobolds
  4 quokkas
  5 ball pythons
  3 frilled lizards (D:1)
  3 rats
436 creatures vanquished.

Vanquished Creatures (collateral kills)
  An orc (D:5)
1 creature vanquished.

Vanquished Creatures (others)
  A water moccasin (D:5)
  26 fungi
  60 plants
  4 toadstools (D:1)
91 creatures vanquished.

Grand Total: 528 creatures vanquished

Notes
Turn   | Place    | Note
-------+----------+-------------------------------------------
     0 | D:1      | oldmanjim the Minotaur Fighter began the quest for the Orb.
     0 | D:1      | Reached XP level 1. HP: 19/19 MP: 0/0
   113 | D:1      | Reached XP level 2. HP: 25/27 MP: 1/1
   305 | D:1      | Reached skill level 3 in Axes
   311 | D:1      | Reached XP level 3. HP: 33/33 MP: 2/2
   340 | D:1      | Found a faded altar of an unknown god.
   344 | D:1      | Prayed at the altar of an unknown god.
   344 | D:1      | Became a worshipper of Gozag Ym Sagoz the Greedy
   625 | D:2      | Noticed Robin
   640 | D:2      | Killed Robin
   663 | D:2      | Reached XP level 4. HP: 41/41 MP: 3/3
   737 | D:2      | Noticed Jessica
   749 | D:2      | Killed Jessica
  1162 | D:2      | Reached XP level 5. HP: 47/47 MP: 4/4
  1413 | D:3      | Found Kidghef's General Store.
  1428 | D:3      | Bought a potion of curing for 30 gold pieces
  1428 | D:3      | Bought a scroll of identify for 20 gold pieces
  1428 | D:3      | Bought a scroll of noise for 10 gold pieces
  1702 | D:3      | Found Ruguemov's Weapon Emporium.
  1851 | D:3      | Reached skill level 4 in Axes
  2038 | D:3      | Found Olluzxid's Magic Scroll Emporium.
  2045 | D:3      | Bought a scroll of blinking for 90 gold pieces
  2045 | D:3      | Bought a scroll of identify for 24 gold pieces
  2045 | D:3      | Bought a scroll of immolation for 48 gold pieces
  2045 | D:3      | Bought a scroll of identify for 24 gold pieces
  2381 | D:4      | Noticed a black bear
  2506 | D:4      | Reached skill level 5 in Fighting
  2506 | D:4      | Reached skill level 5 in Armour
  2506 | D:4      | Reached skill level 5 in Shields
  2733 | D:4      | Found a bloodstained altar of Trog.
  2905 | D:5      | Entered Level 5 of the Dungeon
  2939 | D:5      | Reached skill level 5 in Axes
  2939 | D:5      | Reached XP level 6. HP: 56/56 MP: 5/5
  3012 | D:5      | Reached skill level 6 in Axes
  3045 | D:5      | Noticed a water moccasin
  3149 | D:5      | Reached skill level 7 in Axes
  3149 | D:5      | Reached XP level 7. HP: 61/61 MP: 6/6
  3515 | D:5      | Reached skill level 8 in Axes
  3902 | D:6      | Reached skill level 9 in Axes
  4421 | D:6      | Found a staircase to the Ecumenical Temple.
  4447 | Temple   | Entered the Ecumenical Temple
  4761 | D:6      | Found a shadowy altar of Dithmenos.
  4774 | D:6      | Reached XP level 8. HP: 63/68 MP: 7/7
  4957 | D:6      | Reached skill level 10 in Axes
  5282 | D:6      | Found a burning altar of Makhleb.
  5308 | D:6      | Reached skill level 11 in Axes
  5563 | D:7      | Found an iron altar of Okawaru.
  5569 | D:7      | Identified the +5 hand axe of Ambiguity {vorpal, rPois}
  5795 | D:7      | Found an ornate altar of the Wu Jian Council.
  5828 | D:7      | Found a basalt altar of Yredelemnul.
  5856 | D:7      | Reached skill level 12 in Axes
  6124 | D:8      | Noticed Joseph
  6140 | D:8      | Killed Joseph
  6141 | D:8      | Reached skill level 1 in Evocations
  6141 | D:8      | Reached XP level 9. HP: 56/75 MP: 8/8
  6254 | D:8      | Noticed Maggie
  6273 | D:8      | Killed Maggie
  6954 | D:9      | Found a radiant altar of Vehumet.
  7000 | D:9      | Reached skill level 13 in Axes
  7140 | D:9      | Found a staircase to the Lair.
  7156 | D:9      | Found a glowing golden altar of the Shining One.
  7186 | D:9      | Noticed a two-headed ogre
  7221 | D:9      | Killed a two-headed ogre
  7222 | D:9      | Reached skill level 14 in Axes
  7222 | D:9      | Reached XP level 10. HP: 67/86 MP: 9/9
  7328 | D:9      | Found a shimmering blue altar of Sif Muna.
  7551 | D:9      | Noticed Amaemon
  7567 | D:9      | Killed Amaemon
  7568 | D:9      | Reached skill level 1 in Dodging
  7661 | D:9      | Noticed an orange demon
  7670 | D:9      | Killed an orange demon
  8177 | D:10     | Entered Level 10 of the Dungeon
  8236 | D:10     | Found a shimmering altar of Xom.
  8284 | D:10     | Found a flagged portal.
  8293 | Bailey   | Entered a bailey
  8594 | Bailey   | Noticed an orc knight
  8601 | Bailey   | Noticed an orc knight
  8603 | Bailey   | Noticed an orc warlord
  8624 | Bailey   | Killed an orc knight
  8658 | Bailey   | Killed an orc warlord
  8659 | Bailey   | Reached skill level 15 in Axes
  8659 | Bailey   | Reached skill level 5 in Evocations
  8788 | Bailey   | Killed an orc knight
  8789 | Bailey   | Reached XP level 11. HP: 83/92 MP: 10/10
  9011 | Bailey   | Identified the +1 battleaxe "Wirud" {freeze, rC+ Dex+3}
  9578 | D:10     | Noticed Erica
  9585 | D:10     | Killed Erica
  9675 | D:10     | Noticed a vault guard
  9690 | D:10     | Killed a vault guard
  9804 | D:10     | Found a portal to a secret trove of treasure.
  9925 | Lair:1   | Entered Level 1 of the Lair of Beasts
 10459 | D:9      | Bought a scroll labelled GYQENT WISI for 33 gold pieces
 10459 | D:9      | Bought a runed hat for 231 gold pieces
 10530 | Lair:1   | Reached skill level 16 in Axes
 11006 | Lair:1   | Noticed a catoblepas
 11031 | Lair:1   | Killed a catoblepas
 11032 | Lair:1   | Reached XP level 12. HP: 46/106 MP: 11/11
 11297 | Lair:1   | Reached skill level 10 in Armour
 11764 | Lair:1   | Noticed a death yak
 11764 | Lair:1   | Noticed a death yak
 11764 | Lair:1   | Noticed a death yak
 11764 | Lair:1   | Noticed a death yak
 11764 | Lair:1   | Noticed a death yak
 11764 | Lair:1   | Noticed a death yak
 12058 | D:9      | Killed a death yak
 12059 | D:9      | Reached skill level 10 in Fighting
 12061 | D:9      | Killed a death yak
 12068 | D:9      | Killed a death yak
 12071 | D:9      | Killed a death yak
 12072 | D:9      | Killed a death yak
 12225 | Lair:1   | Killed a death yak
 12373 | Lair:1   | Reached skill level 17 in Axes
 12600 | Lair:2   | Noticed a catoblepas
 12615 | Lair:2   | Killed a catoblepas
 12812 | Lair:2   | Noticed a seven-headed hydra
 12826 | Lair:2   | Killed a seven-headed hydra
 13010 | Lair:2   | Reached skill level 10 in Shields
 13095 | Lair:2   | Found a staircase to the Snake Pit.
 13334 | Lair:2   | Reached skill level 18 in Axes
 13819 | Lair:3   | Noticed a boulder beetle
 13845 | Lair:2   | Killed a boulder beetle
 14025 | Lair:3   | Reached XP level 13. HP: 101/116 MP: 12/12
 14688 | Lair:3   | Found a staircase to the Swamp.
 15003 | Lair:4   | Identified the +3 war axe of the Toadstool {vorpal, rF+
                  | rCorr Str+3 Int-4}
 15873 | Lair:4   | Noticed Zun Lasmi's ghost (journeyman VSTm)
 15914 | Lair:4   | Found a transporter.
 16016 | Lair:4   | Found a transporter.
 16452 | Lair:5   | Entered Level 5 of the Lair of Beasts
 17068 | Lair:5   | Found a staircase to the Slime Pits.
 17068 | Lair:5   | Found a viscous altar of Jiyva.
 17238 | Lair:5   | Reached skill level 19 in Axes
 17733 | Lair:5   | Reached XP level 14. HP: 119/127 MP: 13/13
 18431 | D:9      | Bought a scroll of enchant armour for 247 gold pieces
 18757 | D:11     | Found Ziotsy's Self-Improvement Boutique.
 18768 | D:11     | Bought a manual of Fighting for 1200 gold pieces
 19533 | D:12     | Noticed Erolcha
 19539 | D:12     | Killed Erolcha
 19907 | D:12     | Noticed Rupert
 19912 | D:12     | Paralysed by Rupert for 5 turns
 20255 | D:12     | Demolished by Rupert

Illustrated notes

Levels and vault maps discovered:
D:1:      heliophobic_arrival_dark_side_of_the_moon, layout_rooms,
          hellmonk_ecumenical_altar_heavens_door, minmay_gold_behind_fungi
D:2:      layout_rooms, hangedman_decor_opposing, uniq_robin, uniq_jessica
D:3:      layout_loops_corners, serial_shops, shop,
          nicolae_shop_bloodbath_and_beyond, nicolae_square_shop,
          grunt_ministairs_8, kennysheep_generic_room_13
D:4:      layout_gridville, mainiacjoe_overflow_cross_hatched,
          lemuel_coloured_pillars_altar, minmay_misc_feat_columns
D:5:      layout_rooms, patterned_corridor
D:6:      layout_gridville, makhleb_blood_cavern_becter,
          nicolae_dithmenos_shadow_blocks, minmay_temple_entry_waves
D:7:      layout_cave_pools, okawaru_ov_weapons_minmay,
          mainiacjoe_overflow_boulevard, nicolae_overflow_crystal_walls
D:8:      layout_rooms, item_on_display_a, uniq_maggie, uniq_joseph
D:9:      layout_long_grid, nicolae_tso_swordbearing_angel,
          nicolae_vehumet_radiance, mainiacjoe_overflow_surrounded_room,
          minmay_puff, uniq_amaemon
D:10:     layout_irregular_city, amcnicky_altar_gilded, enter_bailey_2,
          enter_trove_5, uniq_erica
D:11:     layout_basic, nicolae_shop_self_help
D:12:     layout_cave_pods, kennysheep_orc_monster_closet_entryway, uniq_rupert,
          uniq_jorgrun, uniq_erolcha
Temple:   grunt_temple_mini_profane
Lair:1:   layout_misc_corridors, nicolae_quartered_pool_impasse,
          serial_bayou_shore_a, grunt_megastairs_2
Lair:2:   layout_regular_city, minmay_snake_entry_six_corridors,
          chequers_serial_rivers_room_a, serial_bayou_pond_c
Lair:3:   layout_chaotic_city, nicolae_swamp_entry_splash_gauntlet,
          infiniplex_staircase_pool
Lair:4:   layout_gridlike, nzn_ghost_randoct, lemuel_fruit_fields
Lair:5:   evilmike_catoblepas_cave, layout_gridlike, slime_entry_1

Skill      XL: |  1  2  3  4  5  6  7  8  9 10 11 12 13 14 |
---------------+-------------------------------------------+-----
Armour         | 4 5 7 9 10 12 | 12.9
Fighting       | 4 5 7 9 11 12 13 | 13.9
Shields        | 4 5 7 8 10 | 10.0
Axes           | 3 5 7 9 12 14 15 16 18 19 | 19.5
Evocations     | 1 3 5 6 8 |  8.5
Dodging        | 3 |  3.0

Action                   |  1- 3 |  4- 6 |  7- 9 | 10-12 | 13-15 || total
-------------------------+-------+-------+-------+-------+-------++-------
Melee: War axe           |    79 |    13 |       |       |       ||    92
       Headbutt          |     8 |    14 |    39 |   140 |   100 ||   301
       Dagger            |       |    85 |   122 |       |       ||   207
       Hand axe          |       |       |   129 |   396 |       ||   525
       Punch             |       |       |       |     6 |       ||     6
       Battleaxe         |       |       |       |   131 |   348 ||   479
       Demon whip        |       |       |       |    12 |    27 ||    39
 Fire: Sling             |       |    60 |    42 |    72 |    13 ||   187
Throw: Boomerang         |       |     1 |    19 |     5 |       ||    25
       Dart              |       |       |     5 |    13 |     9 ||    27
       Javelin           |       |       |     3 |       |     3 ||     6
Invok: Potion Petition   |       |       |     1 |       |       ||     1
       Call Merchant     |       |       |       |     1 |       ||     1
Evoke: Wand              |       |     1 |       |     2 |     7 ||    10
  Use: Scroll            |       |     6 |     5 |     5 |     6 ||    22
       Potion            |       |       |       |     4 |     1 ||     5
 Stab: Distracted        |       |       |     1 |     1 |     5 ||     7
       Invisible         |       |       |       |       |     2 ||     2
       Petrifying        |       |       |       |       |     2 ||     2
       Petrified         |       |       |       |       |     2 ||     2
Armor: Scale mail        |    37 |    40 |    87 |    33 |       ||   197
       Chain mail        |       |       |       |   176 |   154 ||   330
Dodge: Dodged            |    32 |    48 |    80 |   154 |   178 ||   492
Block: Buckler           |    22 |    20 |    33 |    20 |       ||    95

Table legend: (Time is in decaauts)
 A = Elapsed time spent in this place.
 B = Non-inter-level travel time spent in this place.
 C = Inter-level travel time spent in this place.
 D = Time resting spent in this place.
 E = Time spent auto-exploring this place.
 F = Levels seen in this place.
 G = Mean time per level.
                   A        B        C        D        E       F      G
               +--------+--------+--------+--------+--------+-----+--------+
         Total |  20022 |  19336 |    686 |   2719 |  12616 |  19 | 1053.8 |
       Dungeon |  11564 |  11140 |    424 |   1685 |   7474 |  12 |  963.7 |
        Temple |    211 |    174 |     37 |      0 |    172 |   1 |  211.0 |
          Lair |   7471 |   7246 |    225 |   1002 |   4693 |   5 | 1494.2 |
        Bailey |    774 |    774 |      0 |     32 |    277 |   1 |  774.0 |
               +--------+--------+--------+--------+--------+-----+--------+

Top non-repeatable levels by time:
     D:9: 2115 daAuts
  Lair:5: 1875 daAuts
  Lair:1: 1863 daAuts
  Lair:4: 1435 daAuts
     D:6: 1297 daAuts
  Lair:2: 1217 daAuts
    D:11: 1204 daAuts
     D:5: 1133 daAuts
     D:3: 1125 daAuts
  Lair:3: 1080 daAuts
    D:10: 954 daAuts
     D:8: 790 daAuts
  Bailey: 774 daAuts
     D:2: 713 daAuts
     D:1: 605 daAuts
